 Dungeon Crawl Stone Soup version 0.18.1-6-gd335043 (webtiles) character file.

5612 nikopol the Spear-Bearer (level 10, 0/92 HPs)
             Began as a Minotaur Berserker on May 17, 2016.
             Was a High Priest of Trog.
             Slain by a killer bee (6 damage)
             ... on level 9 of the Dungeon.
             The game lasted 00:19:43 (6968 turns).

nikopol the Spear-Bearer (Minotaur Berserker)       Turns: 6968, Time: 00:19:44

Health: 0/92       AC: 19    Str: 26    XL:     10   Next: 45%
Magic:  9/9        EV: 15    Int:  4    God:    Trog [*****.]
Gold:   551        SH:  0    Dex: 13    Spells: 0 memorised, 9 levels left

rFire  . . .     SeeInvis .     y - +0 halberd (protect)
rCold  . . .     Gourm    .     o - +0 ring mail (curse)
rNeg   . . .     Faith    .     (shield currently unavailable)
rPois  .         Spirit   .     (helmet restricted)
rElec  .         Dismiss  .     (no cloak)
rCorr  .         Reflect  .     m - +0 pair of gloves
SustAt .         Harm     .     n - +0 pair of boots
MR     ++...                    (no amulet)
Stlth  +.........               v - +5 ring of protection
                                b - +4 ring of strength

@: lethally poisoned (0 -> 0), exhausted, regenerating, slowed, very slow, very
resistant to hostile enchantments, very unstealthy
A: retaliatory headbutt, horns 2
a: Berserk, Trog's Hand, Brothers in Arms, Burn Spellbooks, Renounce Religion


You were on level 9 of the Dungeon.
You worshipped Trog.
Trog was extremely pleased with you.
You were very hungry.

You visited 1 branch of the dungeon, and saw 9 of its levels.

You collected 551 gold pieces.

Inventory:

Hand Weapons
 a - a +0 spear
 y - a +0 halberd of protection (weapon)
Missiles
 U - 4 javelins (quivered)
Armour
 m - a +0 pair of gloves (worn)
 n - a +0 pair of boots (worn)
 o - a cursed +0 ring mail (worn)
Jewellery
 b - a +4 ring of strength (left hand)
 v - a +5 ring of protection (right hand)
 H - an uncursed ring of protection from cold
 N - an uncursed ring of resist corrosion
 P - a +6 ring of intelligence
Wands
 r - a wand of disintegration (17/24)
 C - a wand of iceblast (9/15)
 D - a wand of iceblast (4/15)
 I - a wand of disintegration (8/24)
 M - a wand of slowing (27/48)
 W - a wand of hasting (3/9)
Scrolls
 d - 3 scrolls of teleportation {unknown}
 e - 4 scrolls of enchant weapon {unknown}
 g - 2 scrolls of noise {unknown}
 h - 4 scrolls of identify {unknown}
 i - 2 scrolls of amnesia {unknown}
 j - a scroll of fog {unknown}
 l - 2 scrolls of enchant armour {unknown}
 w - a scroll of random uselessness {unknown}
 A - a scroll of blinking {unknown}
 E - 2 scrolls of magic mapping {unknown}
 G - a scroll of recharging {unknown}
 K - 5 scrolls of remove curse {unknown}
 T - a scroll of immolation {unknown}
Potions
 f - 5 potions of flight {unknown}
 k - 2 potions of berserk rage {unknown}
 p - 3 potions of heal wounds {unknown}
 s - 3 potions of haste {unknown}
 t - 3 potions of brilliance {unknown}
 u - 2 potions of magic {unknown}
 B - 2 potions of lignification {unknown}
 F - 2 potions of beneficial mutation {unknown}
 J - 5 potions of curing {unknown}
 L - 2 potions of degeneration {unknown}
 R - a potion of resistance {unknown}
 V - 2 potions of might {unknown}
Books
 O - a book of Beasts

   Spells                             Type                      Level
   a - Summon Butterflies             Summoning                    1
   b - Call Canine Familiar           Summoning                    3
   c - Summon Ice Beast               Ice/Summoning                4
   d - Summon Mana Viper              Hexes/Summoning              5
   e - Summon Hydra                   Summoning                    7
   Trog disapproves of the use of such an item.
Comestibles
 c - 10 bread rations
 q - 9 fruits
 x - a slice of pizza
 z - a beef jerky
 Q - 5 chunks of flesh
 S - 2 meat rations


   Skills:
 + Level 9.7 Fighting
 * Level 10.4 Polearms
 + Level 3.3 Throwing
 + Level 9.3 Armour
 + Level 8.4 Dodging


You had 9 spell levels left.
You didn't know any spells.

Dungeon Overview and Level Annotations

Branches:
Dungeon (9/15)             Temple (0/1) D:6
   Lair: D:8-11         Orc: D:9-12

Altars:
Elyvilon
Gozag
Kikubaaqudgha
Makhleb
Nemelex Xobeh
Ru
Trog
Xom
The Shining One

Shops:
D:5 ?


Innate Abilities, Weirdness & Mutations

You reflexively headbutt those who attack you in melee.
You have a pair of horns on your head.


Message History

The killer bee stings you but does no damage.
The killer bee misses you. The killer bee completely misses you.
The killer bee stings you but does no damage.
The killer bee barely misses you. You furiously retaliate!
You headbutt the killer bee! The killer bee misses you.
The killer bee barely misses you. x2
You closely miss the killer bee.
The killer bee is moderately wounded.
You feel very sick. The killer bee barely misses you.
The killer bee closely misses you. x2
The killer bee stings you but does no damage.
The killer bee barely misses you. You furiously retaliate!
You headbutt the killer bee!!
You kill the killer bee!
Trog accepts your kill.
The killer bee stings you but does no damage.
The killer bee stings you.
* * * LOW HITPOINT WARNING * * *
The killer bee closely misses you. The killer bee stings you.
You die...

#.....# #######.....# #.....#
#.....# #.....# #.....# #.>...#
#.....# ##.#### ####'## #...###
#.# ###...# #.## ######y#### #..#
# #...yy@y..# ##.# .. #....yyy..#
######'### ..%####
#.....y...####........# .%yy†y###
#...........##........+
%.%##yyy###..†[.....#..+<.......#
%y ###y..#.........####...)..>.#
# ###...........# ###)######
###.........# #).# ##.########
#.##


You could see 8 killer bees.

Vanquished Creatures
  Pikel (D:4)
  Psyche (D:8)
  A queen bee (D:9)
  Sigmund (D:4)
  The ghost of nikopol the Skirmisher, an amateur MiBe of Trog (D:3)
  Eustachio (D:5)
  A steam dragon (D:9)
  4 black bears
  An ice beast (D:8)
  An orc warrior (D:9)
  A phantom (D:5)
  6 ogres
  A centaur (D:7)
  A big kobold (D:7)
  Blork the orc (D:5)
  3 giant frogs
  A gnoll sergeant (D:7)
  A wyvern zombie (D:8)
  A water moccasin zombie (D:8)
  A scorpion (D:6)
  14 killer bees (D:9)
  4 wights (D:6)
  2 vampire bats (D:3)
  3 crimson imps
  2 giant frog zombies (D:8)
  2 centaur skeletons
  5 hounds
  2 gnoll shamans (D:7)
  A jelly (D:6)
  7 orc wizards
  Jessica (D:3)
  5 iguanas
  Ijyb (D:3)
  5 worker ants
  A howler monkey zombie (D:7)
  21 gnolls
  9 adders
  3 shadow imps
  An ooze (D:4)
  5 worms
  2 dart slugs
  7 giant geckos
  21 orcs
  4 bat skeletons (D:3)
  A bat zombie (D:3)
  7 giant cockroaches
  10 goblins
  11 hobgoblins
  4 jackals (D:1)
  5 quokkas
  A ball python (D:2)
  3 bats
  5 giant newts
  11 kobolds
  12 rats
228 creatures vanquished.

Vanquished Creatures (collateral kills)
  A killer bee (D:9)
1 creature vanquished.

Vanquished Creatures (others)
  A quokka (D:4)
1 creature vanquished.

Grand Total: 230 creatures vanquished

Notes
Turn   | Place    | Note
--------------------------------------------------------------
     0 | D:1      | nikopol the Minotaur Berserker began the quest for the Orb.
     0 | D:1      | Reached XP level 1. HP: 19/19 MP: 0/0
   108 | D:1      | Reached XP level 2. HP: 27/27 MP: 1/1
   401 | D:1      | Reached skill level 4 in Polearms
   589 | D:1      | Reached ** piety under Trog
   590 | D:1      | Reached XP level 3. HP: 32/33 MP: 2/2
  1152 | D:2      | Found a sacrificial altar of Ru.
  1364 | D:2      | Reached XP level 4. HP: 40/40 MP: 3/3
  1478 | D:2      | Found a sacrificial altar of Ru.
  1982 | D:2      | Reached *** piety under Trog
  2232 | D:3      | Found an ancient bone altar of Kikubaaqudgha.
  2236 | D:3      | Reached XP level 5. HP: 47/47 MP: 4/4
  2237 | D:3      | Reached skill level 5 in Fighting
  2302 | D:3      | Noticed Jessica
  2306 | D:3      | Noticed nikopol's ghost (amateur MiBe)
  2339 | D:3      | Killed Jessica
  2348 | D:3      | Reached skill level 5 in Polearms
  2402 | D:3      | Killed nikopol's ghost
  2402 | D:3      | Reached XP level 6. HP: 38/56 MP: 5/5
  2889 | D:3      | Reached skill level 5 in Armour
  2972 | D:3      | Reached XP level 7. HP: 55/62 MP: 6/6
  3010 | D:3      | Noticed Ijyb
  3015 | D:3      | Killed Ijyb
  3164 | D:4      | Noticed Pikel
  3179 | D:4      | Killed Pikel
  3179 | D:4      | Reached skill level 6 in Polearms
  3179 | D:4      | Reached skill level 5 in Dodging
  3179 | D:4      | Reached XP level 8. HP: 33/71 MP: 7/7
  3471 | D:4      | Found a burning altar of Makhleb.
  3598 | D:4      | Noticed Sigmund
  3606 | D:4      | Killed Sigmund
  3632 | D:4      | Reached skill level 7 in Polearms
  3707 | D:4      | Found a shimmering altar of Xom.
  3708 | D:4      | Found a glowing golden altar of the Shining One.
  3959 | D:5      | Entered Level 5 of the Dungeon
  3981 | D:5      | Noticed Blork the orc
  3992 | D:5      | Killed Blork the orc
  3992 | D:5      | Reached **** piety under Trog
  4175 | D:5      | Found an opulent altar of Gozag.
  4187 | D:5      | Found a white marble altar of Elyvilon.
  4187 | D:5      | Found a bloodstained altar of Trog.
  4202 | D:5      | Found Yrphugis's Magic Scroll Emporium.
  4337 | D:5      | Noticed Eustachio
  4340 | D:5      | Killed Eustachio
  4401 | D:5      | Reached skill level 8 in Polearms
  4401 | D:5      | Reached XP level 9. HP: 81/81 MP: 8/8
  4717 | D:6      | Found a staircase to the Ecumenical Temple.
  5213 | D:7      | Reached ***** piety under Trog
  5328 | D:7      | Reached skill level 1 in Throwing
  5402 | D:7      | Found a sparkling altar of Nemelex Xobeh.
  5436 | D:7      | Reached skill level 9 in Polearms
  6075 | D:8      | Noticed Psyche
  6083 | D:8      | Paralysed by Psyche for 2 turns
  6086 | D:8      | Killed Psyche
  6086 | D:8      | Reached XP level 10. HP: 70/91 MP: 9/9
  6807 | D:9      | Reached skill level 10 in Polearms
  6968 | D:9      | Slain by a killer bee

Skill      XL: |  1  2  3  4  5  6  7  8  9 10 |
---------------+-------------------------------+-----
Polearms       | 4 5 6 8 9 10 | 10.4
Fighting       | 4 5 6 7 9 |  9.7
Armour         | 3 4 5 6 7 8 9 |  9.3
Dodging        | 3 4 5 6 8 |  8.4
Throwing       | 2 3 |  3.3

Action                   |  1- 3 |  4- 6 |  7- 9 | 10-12 || total
-------------------------+-------+-------+-------+-------++-------
Melee: Spear             |   111 |   177 |       |       ||   288
       Headbutt          |    13 |    21 |    45 |    19 ||    98
       Halberd           |       |     6 |   286 |   108 ||   400
Throw: Javelin           |       |       |    16 |     4 ||    20
       Tomahawk          |       |       |     3 |       ||     3
Invok: Berserk           |       |     1 |     2 |     1 ||     4
       Trog's Hand       |       |       |       |     1 ||     1
       Brothers in Arms  |       |       |       |     1 ||     1
  Eat: Chunk             |     1 |     7 |    12 |     3 ||    23
Armor: Animal skin       |     5 |       |       |       ||     5
       Ring mail         |     6 |    30 |    77 |    61 ||   174
Dodge: Dodged            |    40 |    72 |   137 |   111 ||   360
